 Seeded DCSS version 0.28-a0-851-g8b9cc49659 (webtiles) character file.

Game seed: 20211115 (custom seed)

338 a11behringer the Cudgeller (level 6, 0/39 HPs)
             Began as a Gargoyle Berserker on Nov 15, 2021.
             Was a Believer of Trog.
             Slain by a killer bee (7 damage)
             ... on level 4 of the Dungeon.
             The game lasted 00:12:33 (3944 turns).

a11behringer the Cudgeller (Gargoyle Berserker)     Turns: 3944, Time: 00:12:33

Health: 0/39       AC: 12    Str: 22    XL:     6   Next: 55%
Magic:  6/6        EV: 12    Int:  7    God:    Trog [**....]
Gold:   259        SH:  0    Dex: 13    Spells: 5/5 levels left

rFire   . . .      SeeInvis .   a - +1 mace
rCold   . . .      Faith    .   (no shield)
rNeg    + . .      Spirit   .   l - +0 leather armour
rPois   ∞          Reflect  .   (no helmet)
rElec   +          Harm     .   d - +1 cloak
rCorr   +          Rampage  .   p - +1 pair of gloves {Dex+3}
Will    .....                   (no boots)
Stlth   +.........              (no amulet)
HPRegen 0.13/turn               o - ring of resist corrosion
MPRegen 0.10/turn               u - ring of flight

@: flying
A: sickness immunity, AC +4, negative energy resistance 1, electricity
resistance, torment resistance 1, petrification resistance
a: Renounce Religion, Berserk, Trog's Hand


You were on level 4 of the Dungeon.
You worshipped Trog.
Trog was pleased with you.
You visited 1 branch of the dungeon, and saw 5 of its levels.

You collected 259 gold pieces.

Inventory:

Hand Weapons
 a - a +1 mace (weapon)
Missiles
 g - 10 poisoned darts (quivered)
 j - 42 arrows
Armour
 b - a +0 animal skin
 d - a +1 cloak (worn)
 h - a +0 kite shield
 l - a +0 leather armour (worn)
 p - a +1 pair of gloves of dexterity (worn)
Jewellery
 i - a ring of fire
 o - a ring of resist corrosion (left hand)
 u - a ring of flight (right hand)
Scrolls
 c - 2 scrolls of blinking
Potions
 e - a potion of ambrosia {unknown}
 f - a potion of cancellation {unknown}
 k - a potion of attraction
 m - a potion of mutation {unknown}
 n - 2 potions of haste
 q - a potion of curing {unknown}
 r - a potion of heal wounds {unknown}
 s - a potion of degeneration {unknown}


   Skills:
 + Level 4.3 Fighting
 * Level 6.0 Maces & Flails
 + Level 2.7 Armour
 + Level 2.4 Dodging


You had 5 spell levels left.
You didn't know any spells.
Your spell library was empty.

Dungeon Overview and Level Annotations

Branches:
Dungeon (5/15)
 Temple: D:4-7

Altars:
Dithmenos
Ru
Xom

Shops:
D:4 [   D:5 =


Innate Abilities, Weirdness & Mutations

You are immune to sickness and miasma.
Your stone body is resilient. (AC +4)
You are immune to poison.
You resist negative energy. (rN+)
You are resistant to electric shocks. (rElec)
You are resistant to unholy torment.
You are immune to petrification.


Message History

You kill the killer bee!
Trog accepts your kill. The killer bee barely misses you.
The killer bee stings you but does no damage.
You miss the killer bee. The killer bee barely misses you. x2
You miss the killer bee.
The killer bee stings you but does no damage.
The killer bee barely misses you.
You hit the killer bee.
The killer bee is lightly wounded.
The killer bee barely misses you. The killer bee stings you.
You hit the killer bee.
The killer bee is moderately wounded.
The killer bee stings you. The killer bee closely misses you.
The killer bee misses you.
You sock the killer bee!
The killer bee is almost dead.
The killer bee stings you. The killer bee completely misses you.
You sock the killer bee!
You kill the killer bee!
Trog accepts your kill. The killer bee completely misses you.
Your Maces & Flails skill increases to level 6!
You thump the killer bee!
The killer bee is severely wounded.
The killer bee stings you but does no damage. x2
You closely miss the killer bee.
The killer bee is heavily wounded.
The killer bee misses you. The killer bee stings you.
* * * LOW HITPOINT WARNING * * *
The killer bee stings you but does no damage.
You hit the killer bee.
The killer bee is almost dead.
The killer bee barely misses you.
The killer bee stings you but does no damage.
You barely miss the killer bee.
The killer bee is almost dead.
The killer bee stings you but does no damage.
The killer bee stings you!
You die...

##......##......#............
#........####...###.....#...#
#..........##........#..##..#
#.........###(.....##........
#..#...............#.#.......
#####..#.....##.....#.#......
##.##..###......##.#.....
#..##...###.....###.#....
#.......@y......# ##.#...
###......##(>..<.# ##†#..
#.........##.....######.#.
#.......#..###..#......#.#
##......#......########.#.
#...#............# ##.#..
#...##...#..#....# ##.#...
#..####.##.###...###.#....
##.# #.#### ##..##.#.....


You could see a killer bee.

Vanquished Creatures
  2 killer bees (D:4)
  A centaur zombie (D:5)
  A hound (D:5)
  2 iguanas
  5 adders
  A gnoll (D:1)
  An ufetubus (D:4)
  An adder skeleton (D:4)
  A worm (D:4)
  3 ball pythons (D:2)
  8 endoplasms
  13 giant cockroaches
  3 goblins
  3 hobgoblins
  4 jackals
  4 quokkas
  3 bats
  3 frilled lizards
  8 kobolds
  3 rats
70 creatures vanquished.

Notes
Turn   | Place    | Note
-------+----------+-------------------------------------------
     0 | D:1      | a11behringer the Gargoyle Berserker began the quest for the
                  | Orb.
     0 | D:1      | Reached XP level 1. HP: 14/14 MP: 1/1
   294 | D:1      | Reached XP level 2. HP: 12/19 MP: 2/2
   857 | D:1      | Reached XP level 3. HP: 22/24 MP: 3/3
  1218 | D:2      | Reached skill level 4 in Maces & Flails
  1258 | D:2      | Reached XP level 4. HP: 29/29 MP: 4/4
  1275 | D:2      | Reached ** piety under Trog
  3078 | D:4      | Reached XP level 5. HP: 33/33 MP: 5/5
  3088 | D:4      | Found Geaga's Antique Armour Emporium.
  3287 | D:4      | Reached skill level 5 in Maces & Flails
  3361 | D:4      | Found a sacrificial altar of Ru.
  3683 | D:4      | Found a shimmering altar of Xom.
  3683 | D:4      | Found a shadowy altar of Dithmenos.
  3738 | D:5      | Entered Level 5 of the Dungeon
  3738 | D:5      | Found Lysmogu's Jewellery Emporium.
  3890 | D:5      | Reached XP level 6. HP: 3/38 MP: 6/6
  3941 | D:4      | Reached skill level 6 in Maces & Flails
  3944 | D:4      | Slain by a killer bee

Illustrated notes

Levels and vault maps discovered:
D:1:      elethiomel_arrival_quiet, layout_basic
D:2:      minmay_roachtagon, layout_basic, minmay_pentomino_x4
D:3:      layout_loops_corners
D:4:      wad_pebble_path, layout_cave_pools, pf_just_have_faith,
          gammafunk_temple_overflow_elements, serial_shops,
          nicolae_shop_overgrown_old_shop
D:5:      layout_loops_ring, serial_shops, nicolae_stop_n_shop_2, uniq_sigmund

Skill      XL: |  1  2  3  4  5  6 |
---------------+-------------------+-----
Maces & Flails | 4 5 6 |  6.0
Fighting       | 4 |  4.3
Dodging        | 2 |  2.4
Armour         | |  2.7

Action                   |  1- 3 |  4- 6 || total
-------------------------+-------+-------++-------
Melee: Mace              |    59 |   161 ||   220
Invok: Berserk           |     1 |       ||     1
       Trog's Hand       |       |     2 ||     2
  Use: Scroll            |     4 |     6 ||    10
Armor: Animal skin       |    13 |       ||    13
       Leather armour    |    24 |   107 ||   131
Dodge: Dodged            |    54 |   175 ||   229

Table legend: (Time is in decaauts)
 A = Elapsed time spent in this place.
 B = Non-inter-level travel time spent in this place.
 C = Inter-level travel time spent in this place.
 D = Time resting spent in this place.
 E = Time spent auto-exploring this place.
 F = Levels seen in this place.
 G = Mean time per level.
                   A        B        C        D        E       F      G
               +--------+--------+--------+--------+--------+-----+--------+
         Total |   3987 |   3264 |    723 |      0 |   2636 |   5 |  797.4 |
       Dungeon |   3987 |   3264 |    723 |      0 |   2636 |   5 |  797.4 |
               +--------+--------+--------+--------+--------+-----+--------+

Top non-repeatable levels by time:
     D:1: 1123 daAuts
     D:2: 1065 daAuts
     D:3: 900 daAuts
     D:4: 713 daAuts
     D:5: 185 daAuts
